3030 views
Uploaded 2020-03-28 01:05:28
Game version 1.32.3
11:03 long 3on3 ladder game on (6)UpperKingdom
Saved by BEARAND
3030 views
Uploaded 2020-03-28 01:05:28
Game version 1.32.3
11:03 long 3on3 ladder game on (6)UpperKingdom


/ 0k
96 buildings @ 7k
/ 3k


| Peasant | 14 | 1050 | / | 0 |
| total: | 14 | 1050g | / | 0w |
| Scout Tower | 33 | 990 | / | 660 |
| Arcane Tower | 5 | 350 | / | 250 |
| Guard Tower | 16 | 1120 | / | 800 |
| Altar of Kings | 1 | 180 | / | 50 |
| Farm | 6 | 480 | / | 120 |
| Lumber Mill | 1 | 120 | / | 0 |
| Blacksmith | 1 | 140 | / | 60 |
| Barracks | 1 | 160 | / | 60 |
| Arcane Vault | 4 | 520 | / | 120 |
| Arcane Sanctum | 1 | 150 | / | 140 |
| Gryphon Aviary | 1 | 140 | / | 150 |
| Keep | 1 | 320 | / | 210 |
| Castle | 1 | 360 | / | 210 |
| total: | 49 | 2880g | / | 1360w |
| 0:02 | Peasant |
| 0:03 | Peasant |
| 0:06 | Altar of Kings |
| 0:08 | Farm |
| 0:28 | Peasant |
| 0:28 | Peasant |
| 0:43 | Lumber Mill |
| 0:45 | Peasant |
| 1:00 | Scout Tower |
| 1:02 | Peasant |
| 1:07 | Farm |
| 1:12 | Farm |
| 1:13 | Scout Tower |
| 1:17 | Peasant |
| 1:27 | Scout Tower |
| 1:28 | Arcane Tower |
| 1:32 | Peasant |
| 1:32 | Peasant |
| 1:44 | Peasant |
| 1:51 | Peasant |
| 1:59 | Arcane Tower |
| 2:05 | Scout Tower |
| 2:08 | Blizzard |
| 2:12 | Arcane Tower |
| 2:21 | Scout Tower |
| 2:22 | Peasant |
| 2:22 | Peasant |
| 2:34 | Arcane Tower |
| 2:36 | Scout Tower |
| 3:03 | Arcane Tower |
| 3:05 | Scout Tower |
| 3:10 | Improved Masonry |
| 3:12 | Guard Tower |
| 3:15 | Scout Tower |
| 3:17 | Scout Tower |
| 3:21 | Scout Tower |
| 3:26 | Peasant |
| 3:34 | Guard Tower |
| 3:35 | Scout Tower |
| 3:53 | Keep |
| 4:02 | Guard Tower |
| 4:04 | Guard Tower |
| 4:06 | Scout Tower |
| 4:45 | Guard Tower |
| 4:48 | Scout Tower |
| 4:49 | Guard Tower |
| 4:51 | Scout Tower |
| 4:53 | Scout Tower |
| 5:19 | Guard Tower |
| 5:21 | Scout Tower |
| 5:47 | Guard Tower |
| 5:50 | Scout Tower |
| 5:51 | Scout Tower |
| 5:55 | Brilliance Aura |
| 6:21 | Guard Tower |
| 6:25 | Castle |
| 6:27 | Farm |
| 6:32 | Arcane Sanctum |
| 6:34 | Advanced Masonry |
| 6:41 | Scout Tower |
| 6:42 | Scout Tower |
| 6:47 | Guard Tower |
| 6:47 | Guard Tower |
| 6:50 | Scout Tower |
| 6:51 | Scout Tower |
| 6:58 | Scout Tower |
| 6:58 | Scout Tower |
| 7:00 | Scout Tower |
| 7:01 | Scout Tower |
| 7:37 | Guard Tower |
| 7:39 | Scout Tower |
| 7:42 | Scout Tower |
| 7:48 | Gryphon Aviary |
| 7:50 | Magic Sentry |
| 7:57 | Scout Tower |
| 8:31 | Storm Bolt |
| 8:41 | Guard Tower |
| 8:45 | Guard Tower |
| 8:49 | Scout Tower |
| 9:26 | Thunder Clap |
| 9:27 | Blizzard |
| 9:33 | Guard Tower |
| 9:37 | Scout Tower |
| 9:38 | Scout Tower |
| 9:38 | Scout Tower |
| 9:39 | Guard Tower |
| 9:44 | Imbued Masonry |
| 9:49 | Farm |
| 9:51 | Farm |
| 9:54 | Blacksmith |
| 9:57 | Barracks |
| 10:01 | Arcane Vault |
| 10:03 | Arcane Vault |
| 10:04 | Arcane Vault |
| 10:05 | Arcane Vault |
| Right click | 558 |
| Select group | 238 |
| Select | 156 |
| Build/train/purchase | 141 |
| Minimap ping | 23 |
| Misc. action | 20 |
| Use ability | 16 |
| Assign group | 9 |
| Chat | 8 |


| Peasant | 24 | 1800 | / | 0 |
| total: | 24 | 1800g | / | 0w |
| Scout Tower | 29 | 870 | / | 580 |
| Arcane Tower | 2 | 140 | / | 100 |
| Guard Tower | 25 | 1750 | / | 1250 |
| Altar of Kings | 1 | 180 | / | 50 |
| Farm | 4 | 320 | / | 80 |
| Lumber Mill | 1 | 120 | / | 0 |
| Town Hall | 1 | 385 | / | 205 |
| Keep | 1 | 320 | / | 210 |
| Castle | 1 | 360 | / | 210 |
| total: | 36 | 1875g | / | 915w |
| 0:03 | Peasant |
| 0:03 | Peasant |
| 0:03 | Peasant |
| 0:10 | Altar of Kings |
| 0:14 | Peasant |
| 0:20 | Farm |
| 0:24 | Peasant |
| 0:30 | Lumber Mill |
| 0:36 | Peasant |
| 1:12 | Farm |
| 1:15 | Peasant |
| 1:18 | Peasant |
| 1:32 | Scout Tower |
| 1:35 | Scout Tower |
| 1:41 | Peasant |
| 1:52 | Peasant |
| 1:56 | Scout Tower |
| 1:58 | Peasant |
| 1:59 | Arcane Tower |
| 2:00 | Scout Tower |
| 2:03 | Peasant |
| 2:07 | Arcane Tower |
| 2:11 | Blizzard |
| 2:15 | Scout Tower |
| 2:26 | Scout Tower |
| 2:28 | Guard Tower |
| 2:29 | Scout Tower |
| 2:30 | Scout Tower |
| 2:34 | Peasant |
| 2:34 | Peasant |
| 2:53 | Scout Tower |
| 2:54 | Guard Tower |
| 2:54 | Guard Tower |
| 3:00 | Scout Tower |
| 3:03 | Scout Tower |
| 3:08 | Improved Masonry |
| 3:10 | Peasant |
| 3:33 | Guard Tower |
| 3:35 | Scout Tower |
| 3:43 | Keep |
| 3:46 | Scout Tower |
| 3:50 | Guard Tower |
| 3:51 | Guard Tower |
| 3:54 | Guard Tower |
| 3:57 | Scout Tower |
| 4:18 | Guard Tower |
| 4:19 | Scout Tower |
| 4:20 | Scout Tower |
| 4:21 | Scout Tower |
| 4:24 | Farm |
| 4:25 | Farm |
| 4:50 | Brilliance Aura |
| 4:58 | Guard Tower |
| 4:58 | Guard Tower |
| 5:00 | Guard Tower |
| 5:01 | Scout Tower |
| 5:02 | Scout Tower |
| 5:02 | Scout Tower |
| 5:04 | Scout Tower |
| 5:04 | Scout Tower |
| 5:06 | Guard Tower |
| 6:05 | Guard Tower |
| 6:05 | Guard Tower |
| 6:19 | Advanced Masonry |
| 6:29 | Guard Tower |
| 6:32 | Scout Tower |
| 6:32 | Scout Tower |
| 6:34 | Guard Tower |
| 6:35 | Guard Tower |
| 7:15 | Storm Bolt |
| 7:34 | Town Hall |
| 7:56 | Guard Tower |
| 7:57 | Castle |
| 8:46 | Scout Tower |
| 8:46 | Scout Tower |
| 8:47 | Scout Tower |
| 9:50 | Peasant |
| 9:50 | Peasant |
| 9:50 | Peasant |
| 9:50 | Peasant |
| 10:07 | Peasant |
| 10:17 | Peasant |
| 10:18 | Peasant |
| 10:18 | Peasant |
| 10:49 | Peasant |
| 10:50 | Bash |
| 10:55 | Guard Tower |
| 10:55 | Guard Tower |
| 10:57 | Scout Tower |
| 10:57 | Scout Tower |
| Right click | 1079 |
| Select | 274 |
| Select group | 163 |
| Build/train/purchase | 79 |
| Use ability | 27 |
| Assign group | 13 |
| Chat | 5 |
| Item give/drop | 2 |
| Misc. action | 1 |


| Wisp | 21 | 1260 | / | 0 |
| total: | 21 | 1260g | / | 0w |
| Altar of Elders | 1 | 180 | / | 50 |
| Moon Well | 6 | 1080 | / | 240 |
| Tree of Life | 1 | 340 | / | 185 |
| Hunter's Hall | 3 | 630 | / | 300 |
| Tree of Ages | 2 | 640 | / | 360 |
| Tree of Eternity | 3 | 990 | / | 600 |
| total: | 11 | 2230g | / | 775w |
| 0:01 | Wisp |
| 0:03 | Altar of Elders |
| 0:06 | Wisp |
| 0:18 | Wisp |
| 0:24 | Moon Well |
| 0:31 | Wisp |
| 0:44 | Wisp |
| 1:01 | Wisp |
| 1:05 | Moon Well |
| 1:10 | Wisp |
| 1:30 | Wisp |
| 1:39 | Wisp |
| 2:01 | Wisp |
| 2:12 | Entangling Roots |
| 2:14 | Wisp |
| 2:23 | Wisp |
| 2:55 | Wisp |
| 3:07 | Moon Well |
| 3:14 | Wisp |
| 3:25 | Wisp |
| 3:41 | Wisp |
| 4:16 | Tree of Ages |
| 5:12 | Moon Well |
| 5:26 | Moon Well |
| 6:38 | Tree of Life |
| 7:23 | Thorns Aura |
| 7:25 | Tree of Eternity |
| 7:41 | Searing Arrows |
| 7:53 | Moon Well |
| 8:31 | Hunter's Hall |
| 8:39 | Hunter's Hall |
| 8:41 | Hunter's Hall |
| 9:16 | Wisp |
| 9:16 | Wisp |
| 9:16 | Wisp |
| 9:16 | Wisp |
| 9:17 | Wisp |
| 10:09 | Tree of Eternity |
| 10:40 | Trueshot Aura |
| Right click | 583 |
| Assign group | 496 |
| Select group | 296 |
| Resource trade | 105 |
| Select | 99 |
| Build/train/purchase | 39 |
| Use ability | 18 |
| Chat | 7 |
| Misc. action | 6 |
| Minimap ping | 4 |
56 units @ 7.2k
/ 0.5k
39 buildings @ 5.7k
/ 2.2k


| Healing Salve | 1 | 100 |
| Orb of Lightning | 1 | 375 |
| Scroll of Town Portal | 1 | 350 |
| total: | 3 | 825g |
| Peon | 7 | 525 | / | 0 |
| Grunt | 4 | 800 | / | 0 |
| Wind Rider | 2 | 530 | / | 80 |
| Tauren | 2 | 560 | / | 160 |
| Shaman | 4 | 520 | / | 80 |
| Raider | 1 | 180 | / | 40 |
| Kodo Beast | 1 | 255 | / | 60 |
| Demolisher | 1 | 220 | / | 50 |
| total: | 22 | 3590g | / | 470w |
| Watch Tower | 1 | 110 | / | 80 |
| Altar of Storms | 1 | 180 | / | 50 |
| Orc Burrow | 5 | 800 | / | 200 |
| Barracks | 1 | 180 | / | 50 |
| Voodoo Lounge | 2 | 260 | / | 60 |
| War Mill | 1 | 205 | / | 0 |
| Spirit Lodge | 1 | 150 | / | 150 |
| Beastiary | 1 | 145 | / | 140 |
| Stronghold | 1 | 315 | / | 190 |
| Fortress | 1 | 325 | / | 190 |
| total: | 13 | 2030g | / | 730w |
| 0:02 | Peon |
| 0:02 | Peon |
| 0:02 | Peon |
| 0:06 | Altar of Storms |
| 0:18 | Orc Burrow |
| 0:33 | Barracks |
| 0:42 | Peon |
| 0:51 | Peon |
| 1:18 | Peon |
| 1:33 | Orc Burrow |
| 1:42 | Grunt |
| 1:51 | Voodoo Lounge |
| 1:53 | Voodoo Lounge |
| 1:58 | Peon |
| 2:09 | Wind Walk |
| 2:28 | Grunt |
| 3:00 | Stronghold |
| 3:47 | War Mill |
| 3:57 | Grunt |
| 4:50 | Grunt |
| 5:04 | Orc Burrow |
| 5:24 | Berserker Strength |
| 5:27 | Spirit Lodge |
| 5:39 | Watch Tower |
| 5:41 | Healing Salve |
| 6:04 | Steel Armor |
| 6:45 | Fortress |
| 7:26 | Beastiary |
| 9:04 | Wind Rider |
| 9:04 | Wind Rider |
| 9:13 | Orc Burrow |
| 9:14 | Shaman Adept Training |
| 9:21 | Critical Strike |
| 9:21 | Wind Walk |
| 9:59 | Tauren |
| 9:59 | Tauren |
| 10:00 | Shaman |
| 10:00 | Shaman |
| 10:00 | Shaman |
| 10:09 | Orc Burrow |
| 10:11 | Steel Melee Weapons |
| 10:12 | Shaman |
| 10:13 | Raider |
| 10:21 | Kodo Beast |
| 10:28 | Healing Wave |
| 10:30 | Orb of Lightning |
| 10:39 | Scroll of Town Portal |
| 10:56 | Demolisher |
| Select | 143 |
| Right click | 134 |
| Misc. action | 114 |
| Select group | 75 |
| Build/train/purchase | 43 |
| Assign group | 14 |
| Use ability | 8 |
| Esc | 6 |
| Item give/drop | 1 |
| Remove unit | 1 |

| Healing Salve | 1 | 100 |
| total: | 1 | 100g |
| Peasant | 11 | 825 | / | 0 |
| Footman | 7 | 945 | / | 0 |
| total: | 18 | 1770g | / | 0w |
| Scout Tower | 1 | 30 | / | 20 |
| Arcane Tower | 1 | 70 | / | 50 |
| Altar of Kings | 1 | 180 | / | 50 |
| Farm | 5 | 400 | / | 100 |
| Barracks | 2 | 320 | / | 120 |
| Arcane Vault | 2 | 260 | / | 60 |
| Blacksmith | 1 | 140 | / | 60 |
| Lumber Mill | 1 | 120 | / | 0 |
| Keep | 1 | 320 | / | 210 |
| Castle | 2 | 720 | / | 420 |
| total: | 13 | 1450g | / | 410w |
| 0:03 | Peasant |
| 0:03 | Peasant |
| 0:10 | Altar of Kings |
| 0:21 | Farm |
| 0:28 | Peasant |
| 0:37 | Peasant |
| 0:47 | Peasant |
| 0:56 | Peasant |
| 1:18 | Peasant |
| 1:22 | Barracks |
| 1:28 | Barracks |
| 1:41 | Farm |
| 1:47 | Peasant |
| 1:52 | Farm |
| 1:59 | Farm |
| 2:10 | Summon Water Elemental |
| 2:20 | Farm |
| 2:32 | Arcane Vault |
| 2:50 | Peasant |
| 2:50 | Peasant |
| 3:04 | Peasant |
| 3:12 | Footman |
| 3:20 | Arcane Vault |
| 3:44 | Footman |
| 4:30 | Footman |
| 4:36 | Footman |
| 4:48 | Scout Tower |
| 4:53 | Healing Salve |
| 5:16 | Footman |
| 5:33 | Arcane Tower |
| 5:48 | Footman |
| 6:57 | Keep |
| 7:43 | Footman |
| 7:50 | Brilliance Aura |
| 8:02 | Blacksmith |
| 8:19 | Lumber Mill |
| 9:44 | Castle |
| Right click | 409 |
| Select group | 408 |
| Select | 295 |
| Misc. action | 54 |
| Build/train/purchase | 40 |
| Assign group | 20 |
| Use ability | 5 |
| Minimap ping | 3 |

| Peon | 10 | 750 | / | 0 |
| Grunt | 5 | 1000 | / | 0 |
| Troll Headhunter | 1 | 140 | / | 20 |
| total: | 16 | 1890g | / | 20w |
| Watch Tower | 3 | 330 | / | 240 |
| Orc Burrow | 3 | 480 | / | 120 |
| Altar of Storms | 1 | 180 | / | 50 |
| Barracks | 1 | 180 | / | 50 |
| War Mill | 1 | 205 | / | 0 |
| Great Hall | 1 | 385 | / | 185 |
| Tauren Totem | 2 | 270 | / | 310 |
| Spirit Lodge | 1 | 150 | / | 150 |
| Stronghold | 1 | 315 | / | 190 |
| Fortress | 1 | 325 | / | 190 |
| total: | 13 | 2180g | / | 1105w |
| 0:03 | Peon |
| 0:03 | Peon |
| 0:08 | Orc Burrow |
| 0:11 | Altar of Storms |
| 0:19 | Peon |
| 0:42 | Peon |
| 0:52 | Barracks |
| 0:59 | Peon |
| 1:10 | Peon |
| 1:34 | Orc Burrow |
| 1:43 | War Mill |
| 1:48 | Peon |
| 2:07 | Grunt |
| 2:12 | Feral Spirit |
| 2:30 | Orc Burrow |
| 2:56 | Grunt |
| 3:15 | Watch Tower |
| 3:21 | Watch Tower |
| 3:23 | Peon |
| 3:23 | Peon |
| 3:34 | Peon |
| 3:41 | Troll Headhunter |
| 3:57 | Watch Tower |
| 4:11 | Grunt |
| 4:32 | Grunt |
| 5:06 | Stronghold |
| 5:47 | Chain Lighting |
| 5:56 | Grunt |
| 6:30 | Great Hall |
| 7:20 | Steel Armor |
| 7:21 | Steel Melee Weapons |
| 7:37 | Fortress |
| 7:42 | Tauren Totem |
| 7:49 | Tauren Totem |
| 7:55 | Spirit Lodge |
| 8:13 | Feral Spirit |
| Select | 132 |
| Right click | 103 |
| Select group | 52 |
| Misc. action | 36 |
| Build/train/purchase | 34 |
| Assign group | 24 |
| Use ability | 1 |
⇛